 Dungeon Crawl Stone Soup version 0.14.2 (webtiles) character file.

2374 theanonym the Cleaver (level 9, -1/124 HPs)
             Began as a Minotaur Berserker on Nov 14, 2017.
             Was a Priest of Trog.
             Slain by a hippogriff (5 damage)
             ... on Level 7 of the Dungeon.
             The game lasted 00:13:16 (6300 turns).

theanonym the Cleaver (Minotaur Berserker)          Turns: 6300, Time: 00:13:16

HP  -1/124       AC 11     Str 31      XL: 9   Next:  9%
MP   4/4         EV  9     Int  9      God: Trog [***...]
Gold 230         SH  0     Dex  9      Spells:  0 memorised,  8 levels left

rFire  . . .     SeeInvis .     a - +1,+0 hand axe
rCold  . . .     Clarity  .     n - +0 scale mail
rNeg   . . .     Conserve .     (no shield)
rPois  .         rCorr    .     (helmet restricted)
rElec  .         rRot     .     t - +2 cloak {+Inv}
SustAb . .       Spirit   .     (no gloves)
rMut   .         Warding  .     (no boots)
Saprov . . .     Stasis   .     C - amulet of faith {Faith, !P}
MR     ++...                    l - +3,+3 ring of slaying
                                k - +2 ring of protection

@: regenerating, brilliant, berserking, very quick, very resistant to hostile
enchantments, extremely unstealthy
A: retaliatory headbutt, horns 2
a: Burn Spellbooks, Berserk, Trog's Hand, Renounce Religion, Evoke Invisibility


Innate Abilities, Weirdness & Mutations

You reflexively headbutt those who attack you in melee.
You have a pair of horns on your head.


   Skills:
 + Level 9.0 Fighting
 * Level 12.0 Axes
 - Level 2.4 Armour
 - Level 2.1 Dodging


You had 8 spell levels left.
You didn't know any spells.

Action                   |  1- 3 |  4- 6 |  7- 9 || total
-------------------------+-------+-------+-------++-------
Melee: Hand axe          |    75 |   216 |   166 ||   457
Throw: Dart              |       |     1 |     6 ||     7
Invok: Trog's Hand       |       |     3 |     4 ||     7
       Berserk           |       |     1 |     2 ||     3
  Use: Scroll            |     3 |     2 |     5 ||    10
       Potion            |       |     1 |     2 ||     3
 Stab: Invisible         |       |     3 |       ||     3

Inventory:

Hand weapons
 a - a +1,+0 hand axe (weapon)
Missiles
 b - 7 silver javelins
 i - 40 darts (quivered)
 j - 15 silver darts
 x - 7 tomahawks
Armour
 n - a +0 scale mail (worn)
   (You found it on level 2 of the Dungeon)
 s - a cursed +0 ring mail
   (You found it on level 4 of the Dungeon)
 t - a +2 cloak of darkness (worn)
   (You took it off Crazy Yiuf on level 4 of the Dungeon)
 D - the cursed -1 ring mail of Melancholy {rPois rN+ Dex-3, unknown}
   (You found it on level 6 of the Dungeon)

   It affects your dexterity (-3).
   It protects you from poison.
   It protects you from negative energy.
   It has a curse placed upon it.
Magical devices
 v - a wand of magic darts (7)
   (You took it off Natasha on level 4 of the Dungeon)
 F - a wand of frost (7) {unknown}
   (You found it on level 6 of the Dungeon)
Comestibles
 o - a bread ration
 q - 3 meat rations
Scrolls
 c - a scroll of fog {unknown}
 d - 6 scrolls of remove curse
 f - 7 scrolls of teleportation {!r}
 h - 2 scrolls of magic mapping {!r}
 p - a scroll of enchant weapon I
 y - a scroll of enchant weapon II
 E - a scroll of enchant weapon III {unknown}
Jewellery
 k - a +2 ring of protection (left hand)
   (You found it on level 2 of the Dungeon)
 l - a +3,+3 ring of slaying (right hand)
   (You found it on level 2 of the Dungeon)
 w - an uncursed ring of see invisible {unknown}
   (You found it on level 5 of the Dungeon)
 C - an amulet of faith (around neck) {Faith, !P}
   (You found it on level 6 of the Dungeon)
Potions
 e - 6 potions of curing
 g - a potion of paralysis {unknown}
 m - a potion of brilliance
 r - a potion of restore abilities
 u - a potion of mutation {unknown}
 z - a potion of heal wounds {unknown}
 B - a potion of might {unknown}

Dungeon Overview and Level Annotations

Branches:
Dungeon (7/15)             Temple (0/1) D:6

Altars:
Elyvilon

Annotations:
D:7 Menkaure


You were on level 7 of the Dungeon.
You worshipped Trog.
Trog was most pleased with you.
You were not hungry.

You visited 1 branch of the dungeon, and saw 7 of its levels.

You collected 230 gold pieces.


Message History

The hippogriff screeches!
You hear a shout!
A hippogriff is nearby!
A hippogriff is nearby!
Menkaure comes into view.
Menkaure shouts!
The hippogriff bites you but does no damage.
The hippogriff pecks you but does no damage.
The hippogriff claws you but does no damage.
Drink which item? (? for menu, Esc to quit)
Okay, then.
Read which item? (? for menu, Esc to quit)
Okay, then.
Drink which item? (? for menu, Esc to quit)
You feel refreshed.
It was a potion of restore abilities.
Menkaure's ankle releases a plume of dust as he confides, "I'm not really a mummy, you know."
The hippogriff bites you but does no damage.
The hippogriff pecks you.
The hippogriff claws you but does no damage.
Drink which item? (? for menu, Esc to quit)
You feel clever all of a sudden.
It was a potion of brilliance.
The hippogriff bites you.
The hippogriff pecks you but does no damage.
The hippogriff claws you.
Menkaure calls on the powers of darkness!
The hippogriff convulses!
Your body is wracked with pain!
* * * LOW HITPOINT WARNING * * *
You hit the hippogriff but do no damage.
The hippogriff is heavily wounded.
The hippogriff bites you but does no damage.
The hippogriff pecks you but does no damage.
The hippogriff claws you but does no damage.
You hit the hippogriff.
The hippogriff is severely wounded.
You slash the hippogriff!
The hippogriff is severely wounded.
The hippogriff bites you but does no damage.
The hippogriff pecks you but does no damage.
The hippogriff claws you but does no damage.
You closely miss the hippogriff. Your headbutt misses the hippogriff.
The hippogriff is severely wounded.
The hippogriff barely misses you.
The hippogriff pecks you but does no damage.
The hippogriff closely misses you.
You hit the hippogriff. Your headbutt misses the hippogriff.
The hippogriff is severely wounded.
The hippogriff bites you but does no damage.
The hippogriff pecks you.
* * * LOW HITPOINT WARNING * * *
The hippogriff claws you but does no damage.
Use which ability? (? or * to list)
Your skin crawls.
You feel resistant to hostile enchantments.
You feel slightly more hungry.
You can no longer call in reinforcements.
You are feeling very hungry.
The hippogriff bites you but does no damage.
The hippogriff pecks you but does no damage.
The hippogriff claws you but does no damage.
Use which ability? (? or * to list)
Okay, then.
Unknown command.
Use which ability? (? or * to list) You're too hungry to go berserk.
Eat which item? (? for menu, Esc to quit)
The hippogriff bites you!
* * * LOW HITPOINT WARNING * * *
The hippogriff pecks you.
* * * LOW HITPOINT WARNING * * *
The hippogriff barely misses you.
You continue eating.
Menkaure barely misses you.
The hippogriff bites you but does no damage.
The hippogriff pecks you.
* * * LOW HITPOINT WARNING * * *
The hippogriff claws you.
* * * LOW HITPOINT WARNING * * *
You continue eating.
The hippogriff bites you but does no damage.
The hippogriff pecks you but does no damage.
The hippogriff claws you.
* * * LOW HITPOINT WARNING * * *
You continue eating.
Menkaure calls on the powers of darkness!
Your body is wracked with pain!
* * * LOW HITPOINT WARNING * * *
The hippogriff convulses!
The hippogriff bites you.
* * * LOW HITPOINT WARNING * * *
The hippogriff pecks you.
* * * LOW HITPOINT WARNING * * *
The hippogriff barely misses you.
You finish eating.
That bread ration really hit the spot!
Use which ability? (? or * to list)
A red film seems to cover your vision as you go berserk!
You feel yourself moving faster!
You feel mighty!
You feel somewhat more hungry. Menkaure hits you!
* * * LOW HITPOINT WARNING * * *
The hippogriff bites you but does no damage.
The hippogriff pecks you but does no damage.
The hippogriff claws you.
You die...

########
#......#
###......##
#...(.....###
#..M@##.....#
#....H###.....##
#?....
###....###
#....## ##.....#
#.... #.....###
##. ###.....# #
#.....###
###.....#
#.....##


You could see a hippogriff and Menkaure.

Notes
Turn   | Place    | Note
--------------------------------------------------------------
     0 | D:1      | theanonym, the Minotaur Berserker, began the quest for the Orb.
     0 | D:1      | Reached XP level 1. HP: 19/19 MP: 1/1
   201 | D:1      | Reached skill level 4 in Axes
   439 | D:1      | Reached XP level 2. HP: 20/27 MP: 1/1
   525 | D:1      | HP: 13/27 [giant gecko (5)]
  1001 | D:1      | Reached XP level 3. HP: 28/33 MP: 2/2
  1101 | D:1      | Reached skill level 5 in Axes
  1346 | D:2      | Reached skill level 4 in Fighting
  1393 | D:2      | HP: 16/33 [poisoned by an adder]
  1398 | D:2      | HP: 14/33 [poisoned by an adder]
  1405 | D:2      | HP: 13/33 [poisoned by an adder]
  1413 | D:2      | HP: 12/33 [poisoned by an adder]
  1616 | D:2      | Acquired Trog's second power
  1682 | D:2      | Reached XP level 4. HP: 40/40 MP: 2/2
  2032 | D:2      | HP: 20/41 [poisoned by an adder]
  2458 | D:3      | Reached skill level 6 in Axes
  2711 | D:3      | Reached XP level 5. HP: 47/47 MP: 2/2
  2818 | D:3      | Reached skill level 5 in Fighting
  3035 | D:3      | HP: 23/48 [orc wizard/puff of flame (12)]
  3041 | D:3      | Reached skill level 7 in Axes
  3693 | D:4      | Reached XP level 6. HP: 52/56 MP: 3/3
  4165 | D:4      | Found Ojudaureuz's Distillery.
  4169 | D:4      | Noticed Natasha
  4169 | D:4      | Ojudaureuz's Distillery was a mimic.
  4177 | D:4      | Killed Natasha
  4369 | D:4      | Reached skill level 6 in Fighting
  4446 | D:4      | Noticed Crazy Yiuf
  4449 | D:4      | Noticed Natasha
  4456 | D:4      | Killed Crazy Yiuf
  4456 | D:4      | Reached skill level 8 in Axes
  4462 | D:4      | Killed Natasha
  4480 | D:4      | Reached XP level 7. HP: 56/64 MP: 3/3
  4617 | D:4      | Noticed Natasha
  4625 | D:4      | Killed Natasha
  4657 | D:5      | Entered Level 5 of the Dungeon
  4727 | D:5      | Noticed Pikel
  4739 | D:5      | Killed Pikel
  4739 | D:5      | Reached skill level 7 in Fighting
  4739 | D:5      | Reached skill level 10 in Axes
  4739 | D:5      | Reached XP level 8. HP: 73/73 MP: 3/3
  5021 | D:5      | Found a white marble altar of Elyvilon.
  5273 | D:5      | Reached skill level 8 in Fighting
  5588 | D:6      | Reached skill level 11 in Axes
  5780 | D:6      | Got a bloodstained ring mail
  5854 | D:6      | Found a staircase to the Ecumenical Temple.
  6201 | D:7      | Reached XP level 9. HP: 76/82 MP: 4/4
  6209 | D:7      | Acquired Trog's third power
  6209 | D:7      | Reached skill level 9 in Fighting
  6209 | D:7      | Reached skill level 12 in Axes
  6287 | D:7      | Noticed Menkaure
  6289 | D:7      | HP: 37/83 [Menkaure/torment (34)]
  6294 | D:7      | HP: 35/83 [hippogriff (3)]
  6299 | D:7      | HP: 12/83 [Menkaure/torment (9)]
  6300 | D:7      | HP: 4/124 [Menkaure (7)]
  6300 | D:7      | Slain by a hippogriff

Vanquished Creatures
  Pikel (D:5)
  A necrophage (D:6)
  A sky beast (D:5)
  A phantom (D:4)
  2 ice beasts
  An ogre (D:6)
  An orc warrior (D:7)
  2 slaves (D:5)
  A giant frog (D:6)
  A scorpion (D:5)
  A centaur zombie (D:6)
  5 orc priests
  A hound (D:3)
  Crazy Yiuf (D:4)
  A gnoll shaman (D:6)
  A giant frog skeleton (D:6)
  2 worker ants
  A jelly (D:5)
  Natasha (thrice) (D:4)
  4 orc wizards
  2 ogre skeletons
  12 adders
  3 gnolls (D:6)
  3 shadow imps
  2 giant mites
  2 worms (D:2)
  An inept feature mimic (D:4)
  An adder zombie (D:5)
  A giant eyeball (D:4)
  8 giant geckos
  3 oozes
  16 orcs
  2 ball pythons
  2 giant cockroaches
  9 goblins
  12 hobgoblins
  6 jackals (D:4)
  10 kobolds
  2 quokkas
  8 bats
  5 giant newts
  A kobold skeleton (D:4)
  3 rats
146 creatures vanquished.

Vanquished Creatures (others)
  A slave (D:5)
1 creature vanquished.

Grand Total: 147 creatures vanquished
